 Dungeon Crawl Stone Soup version 0.30-a0-996-ga6910c8ee8 (webtiles) character file.

Game seed: 8377983713320188373

226 Zeldest the Charlatan (level 5, -1/43 HPs)
             Began as an Armataur Artificer on Apr 4, 2023.
             Slain by an ogre
             ... wielding a +0 giant club
              (20 damage)
             ... on level 4 of the Dungeon.
             The game lasted 00:02:49 (2616 turns).

Zeldest the Charlatan (Armataur Artificer)          Turns: 2616, Time: 00:02:50

Health: -1/43      AC: 15    Str: 19    XL:     5   Next: 69%
Magic:  5/5        EV:  7    Int: 11    God:
Gold:   205        SH:  0    Dex: 11    Spells: 4/4 levels left

rFire   . . .      SeeInvis .    v - +2 mace (protect)
rCold   . . .      Faith    .    (no shield)
rNeg    . . .      Spirit   .    r - +0 scale mail
rPois   .          Reflect  .    (no helmet)
rElec   .          Roll     +    g - +0 cloak
rCorr   .                        (no gloves)
Will    .....                    (no barding) Stlth
                                 (no amulet)
HPRegen 0.27/turn                (no ring)
MPRegen 0.09/turn                (no ring)

@: under a protective aura
A: large, rugged brown scales 3, deformed body, armoured tail, roll, long
tongue, awkward tongue
a: no special abilities


You were on level 4 of the Dungeon.
You visited 1 branch of the dungeon, and saw 4 of its levels.

You collected 205 gold pieces.

Inventory:

Hand Weapons
 f - a +0 hand axe
 v - a +2 mace of protection (weapon)
Armour
 g - a +0 cloak (worn)
 r - a +0 scale mail (worn)
Wands
 c - a wand of flame (15) (quivered)
 d - a wand of charming (15)
 e - a wand of iceblast (5)
Scrolls
 b - a scroll of amnesia {unknown}
 h - 2 scrolls of brand weapon {unknown}
 m - a scroll of vulnerability {unknown}
 n - a scroll of torment {unknown}
 o - 2 scrolls of immolation {unknown}
 p - a scroll of fog {unknown}
 s - a scroll of teleportation {unknown}
 t - a scroll of identify {unknown}
Potions
 a - a potion of cancellation {unknown}
 i - 3 potions of haste {unknown}
 j - a potion of magic {unknown}
 k - a potion of curing {unknown}
 l - a potion of lignification {unknown}
 q - a potion of heal wounds {unknown}
 u - a potion of brilliance {unknown}
 w - a potion of resistance {unknown}


   Skills:
 + Level 2.2 Fighting
 * Level 2.7 Axes
 + Level 3.8 Armour
 - Level 0.6 Dodging
 - Level 1.1 Stealth
 + Level 3.9 Evocations


You had 4 spell levels left.
You didn't know any spells.
Your spell library contained the following spells:

 Spells                   Type           Power      Damage    Failure   Level
 Blink                    Tloc           0%         N/A       83%         2
 Manifold Assault         Tloc           0%         N/A       100%        4
 Storm Form               Tmut/Air       0%         N/A       100%        7


Dungeon Overview and Level Annotations

Branches:
Dungeon (4/15) Zot: 21326
 Temple: D:4-7

Altars:
Cheibriados
Uskayaw


Innate Abilities, Weirdness & Mutations

You are completely covered in rugged brown scales. (AC +3, +7% HP)
Armour fits poorly on your strangely shaped body.
You have a long armoured tail.
You roll when moving toward enemies. (Rampage)
Your long tongue fully drains potion bottles. (2x potion effects)
Your tongue gives you trouble enunciating. (1.5x scroll delay)


Message History

The sleepcap attacks as you move away! The sleepcap barely misses you.
You hit the sleepcap.
Your weapon exudes an aura of protection.
You tail-slap the sleepcap, but do no damage.
The sleepcap is severely damaged.
The sleepcap closely misses you.
You hit the sleepcap.
The sleepcap is severely damaged.
The sleepcap releases spores at you but does no damage.
You hit the sleepcap but do no damage.
The sleepcap is severely damaged.
The sleepcap releases spores at you but does no damage.
The sleepcap barely misses you.
You hit the sleepcap.
The sleepcap is almost destroyed.
The sleepcap releases spores at you but does no damage.
You hit the sleepcap but do no damage.
You tail-slap the sleepcap, but do no damage.
The sleepcap is almost destroyed.
The sleepcap releases spores at you but does no damage.
You hit the sleepcap.
You destroy the sleepcap!
The giant cockroach bites you but does no damage.
You closely miss the giant cockroach.
The giant cockroach bites you but does no damage.
You sock the giant cockroach!
You kill the giant cockroach!
The ogre hits you with a +0 giant club!
You barely miss the ogre. The ogre hits you but does no damage.
You hit the ogre but do no damage. You hit the ogre.
The ogre is moderately wounded.
The ogre closely misses you.
You barely miss the ogre.
The ogre is moderately wounded.
The ogre hits you with a +0 giant club!
You hit the ogre.
The ogre is heavily wounded.
The ogre hits you with a +0 giant club!!
You die...

#...... #...... #..... .....
...# .B# #
####################.#.####.
................@O..!......>
##################.....#.##.
# #.##.## # #.. ... #
##.##### # .#### ##
########.#...###+### .
#.....##...........#
#.....##...........#


You could see an ogre.

Vanquished Creatures
  A sleepcap (D:4)
  2 iguanas (D:4)
  A gnoll (D:4)
  9 adders
  A worm (D:4)
  2 orcs
  5 bats
  4 endoplasms
  4 giant cockroaches
  4 goblins
  4 hobgoblins
  3 jackals (D:1)
  6 kobolds
  4 quokkas
  5 ball pythons
  3 rats (D:1)
58 creatures vanquished.

Notes
Turn   | Place    | Note
-------+----------+-------------------------------------------
     0 | D:1      | Zeldest the Armataur Artificer began the quest for the Orb.
     0 | D:1      | Reached XP level 1. HP: 16/16 MP: 1/1
    71 | D:1      | Reached skill level 1 in Fighting
   126 | D:1      | Reached XP level 2. HP: 18/24 MP: 2/2
   865 | D:2      | Reached skill level 1 in Axes
   892 | D:2      | Found a snail-covered altar of Cheibriados.
  1021 | D:2      | Reached XP level 3. HP: 29/29 MP: 3/3
  1504 | D:3      | Reached XP level 4. HP: 31/37 MP: 4/4
  2370 | D:4      | Reached XP level 5. HP: 27/43 MP: 5/5
  2486 | D:4      | Found a hide-covered altar of Uskayaw.
  2595 | D:4      | Noticed an ogre
  2616 | D:4      | Slain by an ogre

Illustrated notes

Levels and vault maps discovered:
D:1:      dpeg_arrival_connections, layout_basic, minmay_tromino_v4_c
D:2:      layout_basic, serial_glass, glass_columns_a, glass_columns_c,
          basic_altar
D:3:      layout_basic
D:4:      layout_basic, minmay_ruined_shrine

Skill      XL: |  1  2  3  4 |
---------------+-------------+-----
Fighting       | 1 2 |  2.2
Axes           | 1 2 |  2.7
Armour         | 3 |  3.8
Dodging        | |  0.6
Stealth        | |  1.1
Evocations     | |  3.9

Action                     |  1- 3 |  4- 6 || total
---------------------------+-------+-------++-------
  Melee: Unarmed           |    17 |       ||    17
         Hand axe          |    96 |    16 ||   112
         Tailslap          |    12 |    13 ||    25
         Punch             |     1 |     1 ||     2
         Mace              |       |    93 ||    93
   Stab: Sleeping          |     1 |       ||     1
 Armour: Leather armour    |    33 |       ||    33
         Chain mail        |    33 |       ||    33
         Scale mail        |     6 |    83 ||    89
  Dodge: Dodged            |    53 |    48 ||   101

Table legend: (Time is in decaauts)
 A = Elapsed time spent in this place.
 B = Non-inter-level travel time spent in this place.
 C = Inter-level travel time spent in this place.
 D = Time resting spent in this place.
 E = Time spent auto-exploring this place.
 F = Levels seen in this place.
 G = Mean time per level.
                   A        B        C        D        E       F      G
               +--------+--------+--------+--------+--------+-----+--------+
         Total |   2671 |   2558 |    113 |    307 |   1717 |   4 |  667.8 |
       Dungeon |   2671 |   2558 |    113 |    307 |   1717 |   4 |  667.8 |
               +--------+--------+--------+--------+--------+-----+--------+

Top non-repeatable levels by time:
     D:3: 877 daAuts
     D:1: 796 daAuts
     D:2: 633 daAuts
     D:4: 363 daAuts
